 Dungeon Crawl Stone Soup version 0.19.5 (webtiles) character file.

361 miragecloak the Cudgeler (level 6, -4/47 HPs)
             Began as a Formicid Abyssal Knight on May 12, 2017.
             Was a Believer of Lugonu.
             Asphyxiated
             ... on level 3 of the Dungeon.
             The game lasted 00:02:55 (2493 turns).

miragecloak the Cudgeler (Formicid Abyssal Knight)  Turns: 2493, Time: 00:02:55

Health: -4/47      AC:  6    Str: 20 (22) XL:     6   Next: 98%
Magic:  7/7        EV: 16    Int:  9 (11) God:    Lugonu [**....]
Gold:   127        SH:  0    Dex: 16 (17) Spells: 0 memorised, 5 levels left

rFire  . . .     SeeInvis +     m - +2 mace (crush)
rCold  . . .     Gourm    .     b - +0 leather armour
rNeg   + . .     Faith    .     (no shield)
rPois  .         Spirit   .     (helmet unavailable)
rElec  .         Reflect  .     q - +1 cloak
rCorr  .         Harm     .     (no gloves)
MR     .....                    p - +0 pair of boots
Stlth  ++........               (no amulet)
                                (no ring)
                                d - ring of positive energy

@: mighty, agile, lethally poisoned (-4 -> -42)
A: permanent stasis, dig shafts and tunnels, four strong arms, antennae 3
a: Dig, Shaft Self, Depart the Abyss, Bend Space, Renounce Religion


You were on level 3 of the Dungeon.
You worshipped Lugonu.
Lugonu was pleased with you.
You were not hungry.

You visited 1 branch of the dungeon, and saw 3 of its levels.
You visited the Abyss 1 time.

You collected 127 gold pieces.

Inventory:

Hand Weapons
 a - a +1 mace
 m - a +2 mace of crushing (weapon)
Armour
 b - a +0 leather armour (worn)
 p - a +0 pair of boots (worn)
 q - a +1 cloak (worn)
Jewellery
 d - a ring of positive energy (left hand)
Scrolls
 e - 2 scrolls of remove curse {unknown}
 i - 2 scrolls of identify {unknown}
 o - 3 scrolls of magic mapping {unknown}
Potions
 l - a potion of curing {unknown}
 n - 2 potions of lignification {unknown}
 t - a potion of cancellation {unknown}
 u - a potion of cure mutation {unknown}
Comestibles
 c - 2 bread rations
 f - a beef jerky
 r - a meat ration
 s - a slice of pizza
 v - a chunk of flesh


   Skills:
 - Level 3.2 Fighting
 + Level 6.9 Maces & Flails
 - Level 2.1 Armour
 - Level 0.8 Dodging
 - Level 2.1 Invocations


You had 5 spell levels left.
You didn't know any spells.

Dungeon Overview and Level Annotations

Branches:
Dungeon (3/15)

Altars:
Makhleb
Nemelex Xobeh
Okawaru
Qazlal
Trog
Xom


Innate Abilities, Weirdness & Mutations

You are under a permanent stasis effect.
You can dig through walls and to a lower floor.
Your four strong arms can wield two-handed weapons with a shield.
You have a pair of large antennae on your head. (SInv)


Message History

You are too injured to fight recklessly!
You barely miss the rat.
* * * LOW HITPOINT WARNING * * *
You feel very sick. The rat barely misses you.
You bludgeon the rat!!
You kill the rat!
Lugonu accepts your kill.
* * * LOW HITPOINT WARNING * * *
You feel very sick.
It was a potion of degeneration.
There was something very wrong with that liquid.
You feel weakened.
You feel dopey.
You feel clumsy.
* * * LOW HITPOINT WARNING * * *
You feel sick.
The kobold shoots a curare-tipped needle.
The curare-tipped needle hits you.
You are more poisoned.
You have difficulty breathing.
You die...

#..#####............
#...................
#.####.............. #.#
#.....#.#######
####.####.......#
#.............###
#.............#######
#........#..(.K......
#######....@#....?...
#####.#........
####.#()......
#############....#).......
#...........#.####........
#.#########.#.# #........
#.# #.#.####........ #.#
#.#.##<#........ #.#
#.#.##.#........


You could see a kobold.

Vanquished Creatures
  Sigmund (D:2)
  A crimson imp (D:2)
  Terence (D:2)
  Robin (D:1)
  5 adders
  A worm (D:3)
  3 dart slugs
  4 leopard geckos (D:1)
  5 orcs (D:3)
  6 bats
  2 giant cockroaches
  5 hobgoblins
  4 jackals
  9 kobolds
  2 quokkas
  3 frilled lizards
  20 goblins
  8 rats
81 creatures vanquished.

Notes
Turn   | Place    | Note
-------+----------+-------------------------------------------
     0 | Abyss:1  | miragecloak the Formicid Abyssal Knight began the quest for the Orb.
     0 | Abyss:1  | Reached XP level 1. HP: 18/18 MP: 2/2
     8 | Abyss:1  | Found a corrupted altar of Lugonu.
    39 | Abyss:1  | Noticed an apocalypse crab
    40 | D:1      | Escaped the Abyss
   268 | D:1      | Reached XP level 2. HP: 23/24 MP: 3/3
   274 | D:1      | Reached * piety under Lugonu
   305 | D:1      | Reached skill level 3 in Maces & Flails
   450 | D:1      | Found a shimmering altar of Xom.
   452 | D:1      | Found a sparkling altar of Nemelex Xobeh.
   452 | D:1      | Found a bloodstained altar of Trog.
   454 | D:1      | Found a shimmering altar of Xom.
   454 | D:1      | Found an iron altar of Okawaru.
   454 | D:1      | Found a bloodstained altar of Trog.
   497 | D:1      | Reached XP level 3. HP: 29/29 MP: 4/4
   729 | D:2      | Noticed Robin
  1057 | D:1      | Killed Robin
  1109 | D:2      | Reached XP level 4. HP: 35/35 MP: 5/5
  1110 | D:2      | Noticed Sigmund
  1120 | D:2      | Killed Sigmund
  1120 | D:2      | Reached skill level 5 in Maces & Flails
  1120 | D:2      | Reached XP level 5. HP: 2/41 MP: 6/6
  1120 | D:2      | Reached XP level 6. HP: 3/47 MP: 7/7
  1457 | D:2      | Reached ** piety under Lugonu
  1489 | D:2      | Reached skill level 6 in Maces & Flails
  1520 | D:2      | Found a burning altar of Makhleb.
  1802 | D:2      | Noticed Terence
  1823 | D:2      | Killed Terence
  1954 | D:3      | Found a stormy altar of Qazlal.
  2487 | D:3      | HP: 1/47 [poisoned by kobold (curare-tipped needle)]
  2493 | D:3      | Asphyxiated

Skill      XL: |  1  2  3  4  5  6 |
---------------+-------------------+-----
Maces & Flails | 3 5 6 |  6.9
Fighting       | |  3.2
Armour         | |  2.1
Dodging        | |  0.8
Invocations    | |  2.1

Action                   |  1- 3 |  4- 6 || total
-------------------------+-------+-------++-------
Melee: Mace              |    66 |   147 ||   213
Invok: Depart the Abyss  |     1 |       ||     1
  Use: Potion            |       |     4 ||     4
  Eat: Chunk             |     1 |     4 ||     5
Armor: Leather armour    |    20 |    56 ||    76
Dodge: Dodged            |    55 |   106 ||   161
